 Dungeon Crawl Stone Soup version 0.20-a0-502-g555d78b (webtiles) character file.

975 Kwzr the Insei (level 7, -3/62 HPs)
             Began as a Purple Draconian Monk on Jan 20, 2017.
             Was a Priest of Okawaru.
             Slain by a scorpion (9 damage)
             ... on level 5 of the Dungeon.
             The game lasted 00:20:21 (5152 turns).

Kwzr the Insei (Purple Draconian Monk)              Turns: 5152, Time: 00:20:22

Health: -3/62      AC:  0    Str: 14    XL:     7   Next: 95%
Magic:  9/9        EV: 17    Int: 10    God:    Okawaru [***...]
Gold:   251        SH:  0    Dex: 15    Spells: 6/6 levels left

rFire    . . .     SeeInvis .     - Unarmed
rCold    . . .     Gourm    +   (armour unavailable)
rNeg     . . .     Faith    .   (shield currently unavailable)
rPois    .         Spirit   .   (helmet currently unavailable)
rElec    .         Reflect  .   (cloak currently unavailable)
rCorr    .         Harm     .   (gloves currently unavailable)
MR       +....                  (boots currently unavailable)
Stlth    ++........             B - amulet of the gourmand
Regen    0.2/turn               (ring currently unavailable)
                                (ring currently unavailable)

@: pig-form (expiring), very quick
A: (breathe power), unfitting armour, (cold-blooded), AC +6
a: Heroism, Renounce Religion


You were on level 5 of the Dungeon.
You worshipped Okawaru.
Okawaru was most pleased with you.
You were very hungry.
You were a filthy swine.
You visited 1 branch of the dungeon, and saw 6 of its levels.

You collected 251 gold pieces.

Inventory:

Missiles
 j - 7 needles of confusion
 y - 4 tomahawks (quivered)
Armour
 d - a +2 pair of boots (melded)
 p - a +0 cloak (melded)
Magical Staves
 e - an uncursed staff of power
Jewellery
 B - an amulet of the gourmand (around neck)
Wands
 s - a wand of digging (16/24)
Scrolls
 h - 7 scrolls of identify
 k - 2 scrolls of enchant armour
 l - 5 scrolls of remove curse
 t - a scroll of fear {unknown}
 u - 2 scrolls of enchant weapon {unknown}
 v - a scroll of blinking {unknown}
 x - a scroll of immolation {unknown}
 A - a scroll of fog {unknown}
Potions
 c - 5 potions of curing
 i - a potion of might
 m - a potion of haste {unknown}
 n - a potion of mutation {unknown}
 o - a potion of cancellation {unknown}
 q - a potion of agility {unknown}
 w - 2 potions of heal wounds {unknown}
Books
 z - Hemuwk's Papyrus of the Birds and Transformation
   (You found it on level 5 of the Dungeon)

   Spells                             Type                      Level
   a - Passwall                       Transmutation/Earth          2
   b - Ice Form                       Ice/Transmutation            4
   c - Petrify                        Transmutation/Earth          4
   d - Lightning Bolt                 Conjuration/Air              5
   e - Irradiate                      Conjuration/Transmutation    5
Comestibles
 a - 3 bread rations
 b - 4 beef jerkies
 f - 3 meat rations
 g - 9 fruits
 r - 2 royal jellies


   Skills:
 + Level 5.6 Fighting
 + Level 4.6 Dodging
 - Level 2.0 Stealth
 * Level 6.7 Unarmed Combat
 + Level 3.4 Invocations


You had 6 spell levels left.
You didn't know any spells.

Dungeon Overview and Level Annotations

Branches:
Dungeon (6/15)             Temple (0/1) D:5

Altars:
Okawaru

Annotations:
D:6 Grinder


Innate Abilities, Weirdness & Mutations

((You can breathe bolts of dispelling energy.))
((Your rich purple scales are hard. (AC +6)))
You cannot fit into any form of body armour.
((You are cold-blooded and may be slowed by cold attacks.))


Message History

Grinder is moderately wounded.
Grinder hits you.
* * * LOW HITPOINT WARNING * * *
You writhe in agony.
* * * LOW HITPOINT WARNING * * *
Grinder gestures at you. Pain shoots through your body!
* * * LOW HITPOINT WARNING * * *
Found a stone staircase leading down.
Grinder gestures at you.
You easily resist.
Grinder zaps a wand.
You resist with almost no effort.
Grinder zaps a wand.
Grinder zaps a wand.
Grinder blinks!
There is a stone staircase leading up here.
You climb upwards.
Your transformation is almost over.
The scorpion stings you!
You die...

# #..........# #.#.####.#.# #
#..........# #.#.#....#.# #
#.....s.#### #.#.#.####.# #####
#.......# #.#.#.####.###
.....##.......# #.#.#........#
####..#.......# #.#.####....##
#.##.#.#########.#......##.##
#####..#.#.......s...>..........#
(...............h.............###
######...#####.#####.########.#
##..# #.# #.########.# ## #..#
#.# #.#.....##.# .# #..#####.#
#.#.###.##.# .## ##.##....#
#.#<#.#.##.# ..# #.##....#
#.#.#.#.##.# ..# #.##....#
#.#.#...##.# ..# #..####.#
#.#.#.####.#


You could see a scorpion.

Vanquished Creatures
  A sky beast (D:5)
  An ogre (D:5)
  2 bullfrogs (D:5)
  A scorpion (D:5)
  A jelly (D:5)
  A hound (D:4)
  2 orc priests (D:4)
  3 orc wizards
  An iguana (D:5)
  5 worker ants
  4 gnolls
  10 adders
  A howler monkey skeleton (D:4)
  5 oozes
  An adder skeleton (D:4)
  4 worms
  3 dart slugs
  3 leopard geckos
  16 orcs
  5 giant cockroaches
  7 goblins
  9 hobgoblins
  2 jackals (D:5)
  A quokka (D:4)
  8 bats
  5 frilled lizards
  4 kobolds
  8 rats
114 creatures vanquished.

Notes
Turn   | Place    | Note
-------+----------+-------------------------------------------
     0 | D:1      | Kwzr the Draconian Monk began the quest for the Orb.
     0 | D:1      | Reached XP level 1. HP: 19/19 MP: 1/1
   350 | D:1      | Reached XP level 2. HP: 21/26 MP: 2/2
   779 | D:2      | Reached XP level 3. HP: 17/31 MP: 3/3
  1295 | D:2      | Reached XP level 4. HP: 38/40 MP: 4/4
  1329 | D:2      | Reached skill level 4 in Unarmed Combat
  1339 | D:2      | Found a faded altar of an unknown god.
  2000 | D:3      | Reached XP level 5. HP: 43/47 MP: 5/5
  2641 | D:4      | Found an iron altar of Okawaru.
  2648 | D:4      | Became a worshipper of Warmaster Okawaru
  2648 | D:4      | Reached * piety under Okawaru
  2648 | D:4      | Reached ** piety under Okawaru
  2793 | D:4      | Reached skill level 5 in Unarmed Combat
  2793 | D:4      | Reached XP level 6. HP: 27/53 MP: 6/6
  2972 | D:4      | Reached skill level 1 in Invocations
  3701 | D:5      | Entered Level 5 of the Dungeon
  3836 | D:5      | Reached skill level 5 in Fighting
  3836 | D:5      | Your scales start taking on a rich purple colour.
  3836 | D:5      | Reached XP level 7. HP: 61/61 MP: 8/8
  3909 | D:5      | Reached skill level 6 in Unarmed Combat
  3927 | D:5      | Found a staircase to the Ecumenical Temple.
  4036 | D:5      | Reached *** piety under Okawaru
  4267 | D:5      | Identified Hemuwk's Papyrus of the Birds and Transformation
  5113 | D:6      | Noticed Grinder
  5125 | D:6      | Paralysed by Grinder for 5 turns
  5133 | D:6      | HP: 3/62 [Grinder/nerve-wracking pain (8)]
  5152 | D:5      | Slain by a scorpion

Vault maps used:
D:1:      lemuel_arrival_room, minmay_tree_intersection, kennysheep_another_room
D:2:      chequers_ecumenical_altar_simple
D:3:      gup_sewer_entry_bowl, first_bread
D:4:      okawaru_ov_weapons_minmay
D:5:      minmay_opposing_rooms, fedhas_altar_2
D:6:      minivault_26, hex_tiny, kennysheep_opposing_triangles, uniq_grinder

Skill      XL: |  1  2  3  4  5  6  7 |
---------------+----------------------+-----
Stealth        | 2 |  2.0
Dodging        | 3 4 |  4.6
Unarmed Combat | 4 5 6 |  6.7
Fighting       | 4 5 |  5.6
Invocations    | 1 3 |  3.4

Action                   |  1- 3 |  4- 6 |  7- 9 || total
-------------------------+-------+-------+-------++-------
Melee: Unarmed           |   144 |   289 |   141 ||   574
       Tailslap          |    17 |    39 |    19 ||    75
       Punch             |     1 |    10 |     2 ||    13
Throw: Tomahawk          |       |       |     7 ||     7
 Abil: Breathe Dispellin |       |       |     1 ||     1
  Use: Scroll            |     3 |     2 |       ||     5
 Stab: Sleeping          |     1 |     5 |     1 ||     7
  Eat: Chunk             |     1 |     8 |     4 ||    13
Armor: Skin              |    48 |    73 |    49 ||   170
Dodge: Dodged            |    86 |   199 |    90 ||   375
